 Dungeon Crawl Stone Soup version 0.22.0-38-g04b72b8 (webtiles) character file.

2996 eccles the Cleaver (level 9, -1/89 HPs)
             Began as a Minotaur Berserker on Aug 31, 2018.
             Was an Elder of Trog.
             Slain by a spatial maelstrom (3 damage)
             ... on level 2 of the Abyss.
             The game lasted 00:33:51 (4925 turns).

eccles the Cleaver (Minotaur Berserker)             Turns: 4925, Time: 00:33:52

Health: -1/89      AC: 16    Str: 25    XL:     9   Next: 54%
Magic:  8/8        EV: 22    Int:  4    God:    Trog [****..]
Gold:   452        SH: 10    Dex: 14    Spells: 8/8 levels left

rFire    . . .     SeeInvis .   D - +1 war axe (freeze)
rCold    . . .     Gourm    .   s - +0 shield
rNeg     + . .     Faith    .   p - +1 plate armour
rPois    +         Spirit   .   (helmet restricted)
rElec    .         Reflect  .   (no cloak)
rCorr    .         Harm     .   (no gloves)
MR       .....                  (no boots)
Stlth    ..........             j - amulet of the acrobat
HPRegen  0.24/turn              m - ring of poison resistance
MPRegen  0.11/turn              i - ring of positive energy

@: berserk cooldown, slowed, very slow
A: retaliatory headbutt, horns 2, thin metallic scales 1, robust 1, strong 2
a: Berserk, Trog's Hand, Brothers in Arms, Renounce Religion


You were on level 2 of the Abyss.
You worshipped Trog.
Trog was greatly pleased with you.
You were hungry.

You visited 1 branch of the dungeon, and saw 7 of its levels.
You visited the Abyss 1 time.

You collected 452 gold pieces.

Inventory:

Hand Weapons
 a - a +0 hand axe
 D - a +1 war axe of freezing (weapon)
Missiles
 w - 5 javelins of penetration (quivered)
Armour
 b - a +0 animal skin
 e - a +0 leather armour
 l - a +0 scale mail
 o - a +0 chain mail
 p - a +1 plate armour (worn)
 s - a +0 shield (worn)
Jewellery
 h - an uncursed ring of wizardry
 i - a ring of positive energy (right hand)
 j - an amulet of the acrobat (around neck)
 m - a ring of poison resistance (left hand)
 G - a +2 ring of intelligence
 I - a +5 ring of intelligence
Wands
 t - a wand of polymorph (12)
 u - a wand of iceblast (13)
 x - a wand of flame (24)
 y - a wand of disintegration (18)
Scrolls
 d - 2 scrolls of fog
 k - 2 scrolls of teleportation
 q - a scroll of magic mapping
 r - 3 scrolls of remove curse
 A - a scroll of immolation
 B - a scroll of fear
 E - a scroll of amnesia
Potions
 f - a potion of ambrosia
 g - 3 potions of mutation
 n - 2 potions of lignification
 v - a potion of invisibility
 z - a potion of degeneration
 C - a potion of heal wounds
 F - a potion of might {unknown}
 J - a potion of cancellation {unknown}
Comestibles
 c - 11 rations
 H - 5 chunks of flesh


   Skills:
 * Level 8.3 Fighting
 * Level 11.4 Axes
 + Level 6.6 Armour
 + Level 3.7 Dodging
 + Level 0.2 Stealth
 + Level 4.8 Shields


You had 8 spell levels left.
You didn't know any spells.
Your spell library was empty.

Dungeon Overview and Level Annotations

Branches:
Dungeon (7/15)             Temple (0/1) D:5

Altars:
Fedhas
Nemelex Xobeh
Qazlal
Ru
Xom
Zin

Shops:
D:5 (

Annotations:
D:7 aaksess's ghost, novice DsSk


Innate Abilities, Weirdness & Mutations

You reflexively headbutt those who attack you in melee.
You have a pair of horns on your head.
You are partially covered in thin metallic scales. (AC +2)
You are robust. (+10% HP)
Your muscles are very strong. (Str +4)


Message History

You see here a ration.
Found a scroll labeled OSOBI CAOCZEAD.
The spatial maelstrom hits you but does no damage.
You block the spatial maelstrom's attack.
An earth elemental comes into view.
A spatial vortex comes into view.
The spatial maelstrom misses you.
The spatial maelstrom closely misses you.
You barely miss the spatial vortex.
You block the spatial maelstrom's attack. x2
The spatial maelstrom hits you.
* * * LOW HITPOINT WARNING * * *
Space warps horribly around you!
* * * LOW HITPOINT WARNING * * *
You block the spatial maelstrom's attack.
A spatial vortex comes into view.
The spatial maelstrom hits you.
* * * LOW HITPOINT WARNING * * *
Space bends around you.
You die...

.. .. .... .. . .. ..
#..##..##..# ..#.
..##..##..##..##..##....
......?........$.....#
... ...E..............
#.. #.v##..##..##..##
..##..##..##..##..##vv##
.................v.....$
.......@v...%...... ..
..##..##..v#..##..##..#
#. #...#..##..##..# ..
............... .. ..
.......!........... ..
#..##..##..##..##.$## .
#.. #..##?.##..# ..# ..
........ . ... . . ....


You could see a spatial maelstrom, 2 spatial vortices and an earth elemental.

Vanquished Creatures
  A thrashing horror (Abyss:2)
  Grinder (D:4)
  A hippogriff (D:7)
  Sigmund (D:2)
  An orc warrior (D:6)
  A sky beast (D:6)
  3 ice beasts
  2 ogres
  A centaur (D:7)
  A wyvern zombie (D:6)
  2 scorpions
  A water moccasin skeleton (D:6)
  3 crimson imps
  3 hounds
  3 orc priests
  A jelly (D:5)
  4 orc wizards
  6 iguanas
  Jessica (D:2)
  A centaur skeleton (D:4)
  6 worker ants
  2 hound skeletons
  3 adders
  3 gnolls (D:7)
  A shadow imp (D:5)
  2 adder zombies
  4 worms
  4 leopard geckos
  17 orcs
  A giant cockroach (D:2)
  5 goblins
  2 hobgoblins
  15 jackals
  5 kobolds
  A quokka (D:6)
  7 bats
  2 frilled lizards (D:1)
  A jackal skeleton (D:6)
  2 jackal zombies
  11 rats
132 creatures vanquished.

Notes
Turn   | Place    | Note
-------+----------+-------------------------------------------
     0 | D:1      | eccles the Minotaur Berserker began the quest for the Orb.
     0 | D:1      | Reached XP level 1. HP: 19/19 MP: 0/0
   177 | D:1      | Reached XP level 2. HP: 22/27 MP: 1/1
   195 | D:1      | Reached skill level 4 in Axes
   720 | D:2      | Noticed Jessica
   727 | D:2      | Killed Jessica
   727 | D:2      | Reached XP level 3. HP: 31/34 MP: 2/2
   808 | D:2      | Reached ** piety under Trog
  1062 | D:2      | Noticed Sigmund
  1081 | D:2      | Killed Sigmund
  1081 | D:2      | Reached skill level 5 in Fighting
  1081 | D:2      | Reached skill level 5 in Axes
  1081 | D:2      | Reached XP level 4. HP: 18/42 MP: 3/3
  1081 | D:2      | Reached XP level 5. HP: 20/48 MP: 4/4
  1811 | D:4      | Reached skill level 6 in Axes
  1811 | D:4      | Reached XP level 6. HP: 49/56 MP: 5/5
  1955 | D:4      | Noticed Grinder
  1978 | D:4      | Paralysed by Grinder for 2 turns
  1996 | D:4      | Paralysed by Grinder for 5 turns
  2006 | D:4      | Killed Grinder
  2006 | D:4      | Reached skill level 7 in Axes
  2006 | D:4      | Reached XP level 7. HP: 28/63 MP: 6/6
  2387 | D:4      | Reached skill level 1 in Shields
  2402 | D:4      | Reached *** piety under Trog
  2552 | D:4      | Found a glowing silver altar of Zin.
  2558 | D:4      | Found a shimmering altar of Xom.
  2562 | D:4      | Found a blossoming altar of Fedhas.
  2860 | D:5      | Entered Level 5 of the Dungeon
  2864 | D:5      | Reached skill level 8 in Axes
  2873 | D:5      | Found a staircase to the Ecumenical Temple.
  2925 | D:5      | Reached XP level 8. HP: 26/73 MP: 7/7
  3564 | D:5      | Found Coihaxkod's Antique Weapon Shop.
  3626 | D:5      | Reached skill level 5 in Armour
  3694 | D:5      | Gained mutation: You are partially covered in thin metallic scales. (AC +2) [potion of mutation]
  3694 | D:5      | Gained mutation: Your muscles are strong. (Str +2) [potion of mutation]
  3694 | D:5      | Gained mutation: Your muscles are very strong. (Str +4) [potion of mutation]
  3694 | D:5      | Gained mutation: You are robust. (+10% HP) [potion of mutation]
  3734 | D:5      | Found a sparkling altar of Nemelex Xobeh.
  3751 | D:5      | Reached skill level 9 in Axes
  4005 | D:6      | Found a sacrificial altar of Ru.
  4021 | D:6      | Reached **** piety under Trog
  4077 | D:6      | Reached skill level 10 in Axes
  4169 | D:6      | Found a stormy altar of Qazlal.
  4171 | D:6      | Noticed an air elemental
  4634 | D:7      | Reached XP level 9. HP: 88/88 MP: 8/8
  4841 | D:7      | Found a runed door.
  4841 | D:7      | Found a shimmering altar of Xom.
  4841 | D:7      | Noticed a short sword of chaos
  4841 | D:7      | Noticed aaksess's ghost (novice DsSk)
  4860 | D:7      | Cast into level 2 of the Abyss (short sword of chaos)
  4890 | Abyss:2  | Noticed a thrashing horror
  4904 | Abyss:2  | Noticed a spatial maelstrom
  4918 | Abyss:2  | Killed a thrashing horror
  4918 | Abyss:2  | Reached skill level 11 in Axes
  4925 | Abyss:2  | HP: 2/89 [spatial maelstrom (4)]
  4925 | Abyss:2  | Slain by a spatial maelstrom

Skill      XL: |  1  2  3  4  5  6  7  8  9 |
---------------+----------------------------+-----
Axes           | 4 5 6 7 8 10 11 | 11.4
Fighting       | 4 5 6 7 8 |  8.3
Armour         | 3 4 5 6 |  6.6
Dodging        | 3 |  3.7
Shields        | 2 3 4 |  4.8
Stealth        | |  0.2

Action                   |  1- 3 |  4- 6 |  7- 9 || total
-------------------------+-------+-------+-------++-------
Melee: Hand axe          |    65 |    81 |   236 ||   382
       Headbutt          |    12 |     8 |    70 ||    90
       War axe           |       |       |    77 ||    77
Invok: Berserk           |     1 |     1 |     2 ||     4
  Use: Scroll            |     4 |     4 |    10 ||    18
       Potion            |       |     2 |     1 ||     3
  Eat: Chunk             |       |     4 |     5 ||     9
       Ration            |       |       |     2 ||     2
Armor: Animal skin       |     6 |       |       ||     6
       Leather armour    |     2 |       |       ||     2
       Scale mail        |    15 |       |       ||    15
       Chain mail        |    13 |    50 |    54 ||   117
       Plate armour      |       |       |    77 ||    77
Dodge: Dodged            |    42 |    24 |    71 ||   137
Block: Shield            |       |    10 |   132 ||   142
